 Dungeon Crawl Stone Soup version 0.29.0-4-gdea44cf6ec (webtiles) character file.

Game seed: 5780558801608943229

4 qw the Sneak (level 1, 0/14 HPs)
             Began as a Gargoyle Delver on Sept 10, 2022.
             Slain by an orc priest
             ... wielding a +0 flail
              (3 damage)
             ... on level 5 of the Dungeon.
             The game lasted 00:00:04 (58 turns).

qw the Sneak (Gargoyle Delver)                        Turns: 58, Time: 00:00:05

Health: 0/14       AC:  5    Str: 15    XL:     1   Next: 60%
Magic:  1/1        EV: 11    Int: 10    God:
Gold:   0          SH:  0    Dex: 11    Spells: 0/0 levels left

rFire   . . .      SeeInvis .   a - +0 hand axe
rCold   . . .      Faith    .   (no shield)
rNeg    + . .      Spirit   .   b - +0 leather armour
rPois   inf        Reflect  .   (no helmet)
rElec   +          Harm     .   (no cloak)
rCorr   .          Rampage  .   (no gloves)
Will    .....                   (no boots)
Stlth   +++.......              (no amulet)
HPRegen 0.04/turn               (no ring)
MPRegen 0.07/turn               (no ring)

@: no status effects
A: sickness immunity, AC +2, negative energy resistance 1, electricity
resistance, torment resistance 1, petrification resistance
a: no special abilities


You were on level 5 of the Dungeon.
You visited 1 branch of the dungeon, and saw 1 of its levels.


Innate Abilities, Weirdness & Mutations

You are immune to sickness and miasma.
Your stone body is resilient. (AC +2)
You are immune to poison.
You resist negative energy. (rN+)
You are resistant to electric shocks. (rElec)
You are resistant to unholy torment.
You are immune to petrification.


   Skills:
 - Level 3.2 Fighting
 + Level 2.1 Axes
 - Level 1.5 Dodging
 - Level 5.4 Stealth


You couldn't memorise any spells.
You didn't know any spells.
Your spell library was empty.

Inventory:

Hand Weapons
 a - a +0 hand axe (weapon)
Armour
 b - a +0 leather armour (worn)
Wands
 g - a wand of digging (3)
Scrolls
 c - a scroll of fog
 d - a scroll of magic mapping
 e - a scroll of fear
Potions
 f - a potion of haste

Dungeon Overview and Level Annotations

Branches:
Dungeon (5/15)
 Temple: D:4-7

Altars:


Message History

Found 13 gold pieces.
Found a stone staircase leading up.
The orc hits you with a +0 whip.
You hit the orc.
The orc is almost dead.
The orc barely misses you. The orc closely misses you.
You barely miss the orc.
The orc is almost dead.
The orc barely misses you.
You hit the orc but do no damage.
The orc is almost dead.
The orc barely misses you.
You hit the orc.
You kill the orc!
An ice beast comes into view.
The orc wizard shouts!
Things that are here:
a +0 whip; an orc corpse A phantom comes into view.
Found a scroll labelled QUICA PIREJOLO and a quarterstaff.
The orc shouts!
You hit the orc wizard.
The orc wizard is moderately wounded.
You barely miss the orc priest. The orc priest barely misses you.
The orc wizard closely misses you.
A scorpion comes into view.
You hit the orc wizard.
The orc wizard is moderately wounded.
You hit the orc priest.
The orc priest hits you with a +0 flail.
The orc wizard hits you but does no damage.
The orc wizard barely misses you.
The orc priest calls upon Beogh to heal the orc wizard.
The orc wizard's wounds heal themselves!
You hit the orc priest but do no damage.
The orc priest is moderately wounded.
You hit the orc wizard but do no damage.
You barely miss the scorpion. You hit the ice beast but do no damage.
The scorpion barely misses you.
The orc priest hits you with a +0 flail.
You die...

............).
.............
......<.....
...........
?..s..o...##
#....W...# ....
#...ooY.$# .....
##...s@..## .....
........)..####......
..#...)..............
.......##...$........
...##.# ##.)........
.. #.. ###......# .
#.# ###......## ..
##.......## .#.
#.>..#..##


You could see an ice beast, a phantom, 2 scorpions, an orc priest, an orc wizard
and an orc.

Vanquished Creatures
  2 orcs (D:5)
2 creatures vanquished.

Notes
Turn   | Place    | Note
-------+----------+-------------------------------------------
     0 | D:5      | qw the Gargoyle Delver began the quest for the Orb.
     0 | D:5      | Reached XP level 1. HP: 14/14 MP: 1/1
     0 | D:5      | 0 ||| qw: Version: 0.1-a-116-g5d60599
     0 | D:5      | 0 ||| qw: Game counter: 9419
     0 | D:5      | 0 ||| qw: Always use a shield: true
     0 | D:5      | 0 ||| qw: God list: Okawaru
     0 | D:5      | 0 ||| qw: Allow faded altars: false
     0 | D:5      | 0 ||| qw: Do Orc after D:15 true
     0 | D:5      | 0 ||| qw: Do second Lair branch before Depths: true
     0 | D:5      | 0 ||| qw: Lair rune preference: random
     0 | D:5      | 0 ||| qw: Plans: Normal
     0 | D:5      | 0 ||| PLANNING D:1-11
    11 | D:5      | 11 ||| Stepping ~*~*~tactically~*~*~ (stealth).
    13 | D:5      | 13 ||| Stepping ~*~*~tactically~*~*~ (stealth).
    47 | D:5      | Noticed an orc wizard
    48 | D:5      | Noticed a scorpion
    49 | D:5      | Noticed an orc priest
    54 | D:5      | Noticed an ice beast
    55 | D:5      | Noticed a phantom
    56 | D:5      | Noticed a scorpion
    57 | D:5      | HP: 3/14 [orc priest/+0 flail (1)]
    58 | D:5      | Slain by an orc priest

Levels and vault maps discovered:
D:5:      black_bear_nest_2, layout_cave_pools, serial_shops,
          nicolae_shop_hallway_stairs, minmay_fountain_box, minmay_puff

Skill      XL: |  1 |
---------------+----+-----
Axes           | 2 |  2.1
Fighting       | |  3.2
Dodging        | |  1.5
Stealth        | |  5.4

Action                   || total
-------------------------++-------
Melee: Hand axe          ||    16
       Punch             ||     1
Armor: Leather armour    ||     6
Dodge: Dodged            ||    12

Table legend:
 A = Non-vault XP
 B = Vault XP
 C = Vault XP percentage of total XP
 D = Non-vault monster count
 E = Vault monster count
 F = Vault count percentage of total count
                 A         B        C        D         E       F
            +---------+---------+-------+---------+---------+-------
      Total |       6 |       0 |   0.0 |       2 |       0 |   0.0
            +---------+---------+-------+---------+---------+-------
        D:5 |       6 |       0 |   0.0 |       2 |       0 |   0.0
            +---------+---------+-------+---------+---------+-------
